 Dungeon Crawl Stone Soup version 0.27.1-34-g3ba077fa99 (webtiles) character file.

Game seed: 12239922123261539108

207166 Arum the Warrior (level 19, -3/163 (169) HPs)
             Began as a Formicid Fighter on Jan 14, 2022.
             Was the Champion of Wu Jian.
             Killed from afar by Mara (47 damage)
             ... with a bolt of fire
             ... on level 4 of the Shoals on Jan 15, 2022.
             The game lasted 01:11:43 (37547 turns).

Arum the Warrior (Formicid Fighter)                Turns: 37547, Time: 01:11:44

HP:   -3/163 (169)  AC: 24    Str: 25    XL:     19   Next: 45%
MP:   19/19         EV: 10    Int: 11    God:    Wu Jian [******]
Gold: 2767          SH: 19    Dex: 11    Spells: 18/18 levels left

rFire    . . .     SeeInvis +   t - +10 quarterstaff of the Extremely Mad {drain, Contam +Rage rPois Dex-5}
rCold    . . .     Faith    .   I - +1 kite shield {reflect}
rNeg     . . .     Spirit   .   K - +4 scale mail of Pathos {Int+2 Dex+3}
rPois    +         Reflect  +   (helmet unavailable)
rElec    +         Harm     .   J - +2 cloak {Will+}
rCorr    +         Rampage  .   i - +0 pair of gloves
Will     +++..                  S - +2 pair of boots
Stlth    ..........             N - amulet of reflection
HPRegen  0.37/turn              b - ring "Deqargh" {rElec Will+ rCorr Int-2 Dex+2}
MPRegen  0.16/turn              G - ring of flight

@: flying, studying 2 skills, lightly drained
A: permanent stasis, dig shafts and tunnels, antennae 3, four strong arms
}: 1/15 runes: gossamer
a: Dig, Shaft Self, Renounce Religion, Wall Jump, Serpent's Lash, Heavenly Storm


You were on level 4 of the Shoals.
You worshipped Wu Jian.
Wu Jian was exalted by your worship.
You visited 4 branches of the dungeon, and saw 29 of its levels.
You also visited: Ossuary.

You collected 3323 gold pieces.
You spent 556 gold pieces at shops.

Inventory:

Hand Weapons
 a - a +0 lajatang
 t - the +10 quarterstaff of the Extremely Mad (weapon) {drain, Contam +Rage rPois Dex-5}
   (You found it on level 6 of the Dungeon)

   A truly terrible weapon, it drains the life of any living foe it strikes.
   Dex:       It affects your dexterity (-5).
   rPois:     It protects you from poison.
   +Rage:     It lets you go berserk.
   Contam:    It causes magical contamination when unequipped.
 P - a +6 lajatang of freezing
Missiles
 D - 3 throwing nets
 V - 9 silver javelins
 X - 78 javelins
Armour
 i - a +0 pair of gloves (worn)
 H - a scarf of repulsion
 I - a +1 kite shield of reflection (worn)
 J - a +2 cloak of willpower (worn)
 K - the +4 scale mail of Pathos (worn) {Int+2 Dex+3}
   (You found it on level 8 of the Dungeon)

   Int:       It affects your intelligence (+2).
   Dex:       It affects your dexterity (+3).
 S - a +2 pair of boots (worn)
Jewellery
 b - the ring "Deqargh" (left hand) {rElec Will+ rCorr Int-2 Dex+2}
   (You acquired it on level 9 of the Dungeon)

   [ring of willpower]

   Int:       It affects your intelligence (-2).
   Dex:       It affects your dexterity (+2).
   rElec:     It insulates you from electricity.
   rCorr:     It protects you from acid and corrosion.
   Will:      It increases your willpower.
 f - a ring of protection from cold
 g - a ring of positive energy
 s - a ring of positive energy
 x - a ring of protection from fire
 A - a ring of poison resistance
 B - an amulet of regeneration
 E - a ring of protection from cold
 G - a ring of flight (right hand)
 N - an amulet of reflection (around neck)
 Y - a ring of willpower
Wands
 l - a wand of digging (12)
 r - a wand of iceblast (38)
Scrolls
 c - a scroll of holy word
 e - 17 scrolls of identify
 v - 3 scrolls of magic mapping
 w - 2 scrolls of enchant armour
 y - a scroll of torment
 z - 3 scrolls of fear
 F - 3 scrolls of vulnerability
 L - 2 scrolls of immolation
 Q - a scroll of summoning
 R - 3 scrolls of silence
 W - 7 scrolls of fog
Potions
 d - 6 potions of might
 h - 6 potions of flight
 j - 7 potions of heal wounds
 k - 2 potions of resistance
 m - 5 potions of invisibility
 n - 7 potions of mutation
 o - 21 potions of curing
 p - 6 potions of ambrosia
 q - 4 potions of brilliance
 u - 5 potions of attraction
 C - 2 potions of cancellation
 M - 2 potions of lignification
 U - a potion of magic
Miscellaneous
 O - a phial of floods
 T - a piece from Xom's chessboard (15/15)
 Z - a phantom mirror (inert)


   Skills:
 + Level 20.2 Fighting
 - Level 6.7(12.3) Maces & Flails
 - Level 15.7(16.1) Staves
 + Level 0.3 Throwing
 + Level 18.4 Armour
 + Level 13.0 Shields
 + Level 9.9 Evocations


You had 18 spell levels left.
You didn't know any spells.
Your spell library contained the following spells:

 Spells                   Type           Power      Damage    Failure   Level
 Apportation              Tloc           0%         N/A       52%         1
 Magic Dart               Conj           0%         1d3       52%         1
 Summon Small Mammal      Summ           0%         N/A       52%         1
 Searing Ray              Conj           0%         3d3       65%         2
 Slow                     Hex            0%         N/A       65%         2
 Sublimation of Blood     Necr           0%         N/A       65%         2
 Wereblood                Tmut           0%         N/A       65%         2
 Call Canine Familiar     Summ           0%         N/A       87%         3
 Confusing Touch          Hex            0%         N/A       87%         3
 Conjure Flame            Conj/Fire      0%         6-21      87%         3
 Dazzling Flash           Conj/Hex       0%         N/A       87%         3
 Frozen Ramparts          Ice            0%         1d2       87%         3
 Ignite Poison            Fire/Tmut/Pois 0%         N/A       87%         3
 Portal Projectile        Hex/Tloc       0%         N/A       87%         3
 Summon Guardian Golem    Hex/Summ       0%         N/A       87%         3
 Teleport Other           Tloc           0%         N/A       87%         3
 Tukima's Dance           Hex            0%         N/A       87%         3
 Vampiric Draining        Necr           0%         2d6       87%         3
 Animate Dead             Necr           0%         N/A       99%         4
 Fulminant Prism          Conj/Hex       0%         3d6       99%         4
 Ice Form                 Ice/Tmut       0%         N/A       99%         4
 Leda's Liquefaction      Hex/Erth       0%         N/A       99%         4
 Passage of Golubria      Tloc           N/A        N/A       99%         4
 Petrify                  Tmut/Erth      0%         N/A       99%         4
 Sticky Flame             Conj/Fire      0%         2d3       99%         4
 Summon Ice Beast         Ice/Summ       0%         N/A       99%         4
 Summon Lightning Spire   Summ/Air       0%         N/A       99%         4
 Agony                    Necr           0%         N/A       100%        5
 Alistair's Intoxication  Tmut/Pois      0%         N/A       100%        5
 Freezing Cloud           Conj/Ice/Air   0%         6-21      100%        5
 Metabolic Englaciation   Hex/Ice        0%         N/A       100%        5
 Silence                  Hex/Air        0%         N/A       100%        5
 Yara's Violent Unravell  Hex/Tmut       0%         3d3       100%        5
 Invisibility             Hex            0%         N/A       100%        6
 Simulacrum               Ice/Necr       0%         N/A       100%        6
 Statue Form              Tmut/Erth      0%         N/A       100%        6
 Haunt                    Necr/Summ      0%         N/A       100%        7
 Malign Gateway           Summ/Tloc      0%         N/A       100%        7
 Storm Form               Tmut/Air       0%         N/A       100%        7
 Summon Hydra             Summ           0%         N/A       100%        7
 Infestation              Necr           0%         N/A       100%        8
 Maxwell's Capacitive Co  Air            0%         ∞         100%        8
 Summon Horrible Things   Summ           0%         N/A       100%        8
 Polar Vortex             Ice            0%         N/A       100%        9
 Swiftness                Air            Unusable   N/A       N/A         3

Dungeon Overview and Level Annotations

Branches:
Dungeon (15/15)            Temple (0/1) D:6            Lair (6/6) D:11
 Shoals (4/4) Lair:4       Spider (4/4) Lair:3        Slime (0/5) Lair:6
    Orc (0/2) D:12         Vaults (0/5) D:13         Depths (0/5) D:15
Ossuary (visited)

Altars:
Trog
Wu Jian
Xom
Jiyva

Shops:
D:12 ==[?!

Annotations:
D:13 1 runed translucent door
Shoals:4 Mara


Innate Abilities, Weirdness & Mutations

You cannot be hasted, slowed, berserked, paralysed or teleported.
You can dig through walls and to a lower floor.
You have a pair of large antennae on your head. (SInv)
Your four strong arms can wield two-handed weapons with a shield.


Message History

You hit Mara.
Mara is moderately wounded.
Unknown command.
You sock Mara!
Mara is moderately wounded.
You block the alligator snapping turtle's attack.
Arum's illusion hits you!!
You feel drained.
Mara blinks!
Unknown command.
Mara blinks!
You hit Arum's illusion but do no damage.
You drain Arum's illusion.
Arum's illusion is lightly wounded.
You hit Arum's illusion. You drain Arum's illusion.
Arum's illusion is lightly wounded.
Arum's illusion hits you but does no damage.
You feel drained.
You bludgeon Arum's illusion!! You drain Arum's illusion.
Arum's illusion is moderately wounded.
You block the alligator snapping turtle's attack.
Mara blinks!
You hit Arum's illusion. You drain Arum's illusion.
Arum's illusion is moderately wounded.
You block Arum's illusion's attack.
You hit Arum's illusion but do no damage.
Arum's illusion is moderately wounded.
The alligator snapping turtle bites you but does no damage.
You block Arum's illusion's attack.
You hit Arum's illusion but do no damage.
You drain Arum's illusion.
Arum's illusion is moderately wounded.
You barely miss Arum's illusion.
Arum's illusion is moderately wounded.
You block Arum's illusion's attack.
The alligator snapping turtle bites you from afar!!
* * * LOW HITPOINT WARNING * * *
You hit Arum's illusion but do no damage.
Arum's illusion is moderately wounded.
Mara gestures at you. The bolt of fire hits you!!!
You die...

..P..P... ................
.......P. ................
......... ...R.........≈#
#.#...... .............#
###..PP.. $...........#
##≈.... ...........# { {
#..<.. ..$........# {
#≈.... ......t.@@.# #≈....
........##.## { #≈....
........##.≈# {{ { ##....
........##..## ###....
.......####..#######......
.........##P.##≈##.#......
≈≈≈≈≈......P........≈.....
≈≈≈≈≈≈≈PPP.PPP≈≈≈≈≈≈≈≈....
≈≈≈≈P≈≈≈≈≈≈≈≈≈≈≈≈≈...


You could see an alligator snapping turtle, Mara and Arum's illusion (drained).

Vanquished Creatures
  A tentacled monstrosity (D:13)
  Frances (D:14)
  Donald (Shoals:1)
  Kirke (D:12)
  4 emperor scorpions
  4 ghost moths (Spider:4)
  A very ugly thing (D:13)
  2 entropy weavers
  3 spark wasps
  The ghost of Vemups the Spry, a journeyman SpEn of Uskayaw (Shoals:3)
  5 merfolk javelineers
  Snorg (D:14)
  Josephine (Lair:4)
  2 merfolk impalers (Shoals:3)
  4 vault guards (D:13)
  8 hydras
  4 catoblepae
  A merfolk avatar (Shoals:3)
  3 two-headed ogres
  2 alligator snapping turtles
  An alligator (Lair:5)
  8 boulder beetles
  A merfolk aquamancer (Shoals:3)
  2 centaur warriors
  A death knight (D:13)
  3 tengu warriors
  A dancing weapon (Shoals:3)
  9 death yaks
  Urug (Lair:4)
  5 satyrs
  2 skeletal warriors (D:13)
  7 sea snakes
  3 harpies (Shoals:1)
  A deep elf zephyrmancer (D:15)
  A lindwurm (Lair:5)
  A deep elf pyromancer (D:13)
  25 wolf spiders
  An orc knight (D:15)
  An orc sorcerer (D:15)
  25 orb spiders
  13 ugly things
  3 oklob plants
  A necromancer (D:15)
  5 cyclopes
  13 manticores
  9 fauns
  A moth of wrath (Spider:3)
  Maurice (D:8)
  Joseph (D:8)
  4 merfolk sirens
  25 elephants
  6 black mambas
  8 centaur zombies
  5 water nymphs
  15 cane toads
  3 gargoyles
  2 naga magi (D:15)
  2 large abominations (D:13)
  4 torpor snails
  11 demonic crawlers
  A yaktaur (D:15)
  An efreet (D:13)
  14 komodo dragons
  A harpy zombie (D:15)
  14 merfolk
  37 jumping spiders
  A queen bee (Spider:1)
  9 trolls
  6 hornets
  A polar bear (Lair:6)
  3 meliai (Spider:1)
  4 wind drakes (Shoals:1)
  34 blink frogs
  6 dream sheep
  5 snapping turtles
  4 slime creatures (D:12)
  10 water elementals
  3 shadows
  3 wyverns
  27 tarantellas
  85 redbacks
  A vampire (D:11)
  53 yaks
  4 humans (D:12)
  10 wraiths
  A neqoxec (D:13)
  3 steam dragons
  4 basilisks
  A chaos spawn (D:13)
  17 vampire mosquitoes
  Edmund (D:5)
  18 water moccasins
  2 ice beasts
  9 orc warriors
  8 necrophages
  2 sky beasts (D:6)
  9 wolves
  17 centaurs
  7 ogres
  5 small abominations (D:13)
  A phantom (D:5)
  4 kobold brigands
  11 bullfrogs
  5 gnoll sergeants
  4 scorpions
  A water moccasin skeleton (D:6)
  17 wights
  23 killer bees
  3 electric eels (Spider:4)
  3 howler monkeys (D:10)
  4 hounds
  A human zombie (Ossuary)
  2 centaur skeletons
  A bullfrog zombie (D:6)
  2 orc priests (D:6)
  An iguana (D:5)
  6 orc wizards
  3 mummies (Ossuary)
  A howler monkey zombie (D:9)
  3 adders
  13 gnolls
  2 white imps
  2 ufetubi (D:6)
  An adder skeleton (D:4)
  2 dart slugs
  34 orcs
  3 bats
  4 endoplasms
  4 giant cockroaches
  7 goblins
  6 hobgoblins
  4 jackals (D:2)
  3 quokkas
  3 ball pythons
  2 frilled lizards
  A gnoll zombie (Ossuary)
  3 goblin zombies (Ossuary)
  3 hobgoblin zombies (Ossuary)
  16 kobolds
  A kobold zombie (Ossuary)
  6 rats
938 creatures vanquished.

Vanquished Creatures (others)
  Ilsuiw (Shoals:4)
  A merfolk javelineer (Shoals:4)
  A sea snake (Shoals:4)
  2 harpies (Shoals:4)
  A merfolk siren (Shoals:4)
  A redback (Spider:1)
  A water elemental (Shoals:3)
  A human (D:12)
  A gnoll (D:12)
  31 fungi
  111 plants
152 creatures vanquished.

Grand Total: 1090 creatures vanquished

Notes
Turn   | Place    | Note
-------+----------+-------------------------------------------
     0 | D:1      | Arum the Formicid Fighter began the quest for the Orb.
     0 | D:1      | Reached XP level 1. HP: 18/18 MP: 1/1
     2 | D:1      | Noticed a vine stalker
     4 | D:1      | Noticed a felid
     6 | D:1      | Noticed an octopode
     6 | D:1      | Noticed a demonspawn
     8 | D:1      | Noticed a djinni
    14 | D:1      | Noticed a merfolk
    14 | D:1      | Noticed an ogre
    16 | D:1      | Noticed a spriggan
    18 | D:1      | Noticed a draconian
    20 | D:1      | Noticed a ghoul
    20 | D:1      | Noticed a gargoyle
    22 | D:1      | Noticed a minotaur
    22 | D:1      | Noticed a troll
    24 | D:1      | Noticed a formicid
    24 | D:1      | Noticed a naga
    26 | D:1      | Noticed a demigod
    26 | D:1      | Noticed a palentonga
    28 | D:1      | Noticed a dwarf
    28 | D:1      | Noticed a vampire
    30 | D:1      | Noticed an elf
    30 | D:1      | Noticed a tengu
    32 | D:1      | Noticed a barachi
    32 | D:1      | Noticed a human
    57 | D:1      | Reached XP level 2. HP: 24/24 MP: 2/2
    85 | D:1      | Found a faded altar of an unknown god.
   113 | D:1      | Became a worshipper of the Wu Jian Council
   113 | D:1      | Reached * piety under Wu Jian
   879 | D:2      | Reached XP level 3. HP: 30/30 MP: 3/3
  1059 | D:2      | Reached ** piety under Wu Jian
  1584 | D:3      | Reached skill level 4 in Fighting
  1584 | D:3      | Reached XP level 4. HP: 37/37 MP: 4/4
  1773 | D:3      | Reached XP level 5. HP: 23/42 MP: 5/5
  1929 | D:3      | Noticed a centaur
  1941 | D:3      | Killed a centaur
  1942 | D:3      | Reached skill level 5 in Shields
  2151 | D:3      | Reached XP level 6. HP: 44/49 MP: 6/6
  2543 | D:4      | Noticed an ogre
  2553 | D:4      | Killed an ogre
  2554 | D:4      | Reached skill level 5 in Fighting
  2823 | D:4      | Found a bloodstained altar of Trog.
  3094 | D:4      | Noticed an ogre
  3115 | D:4      | Killed an ogre
  3116 | D:4      | Reached XP level 7. HP: 17/56 MP: 7/7
  3587 | D:5      | Entered Level 5 of the Dungeon
  3612 | D:5      | Noticed a vampire mosquito
  3624 | D:5      | Killed a vampire mosquito
  3804 | D:5      | Noticed a vampire mosquito
  3810 | D:5      | Killed a vampire mosquito
  3811 | D:5      | Reached skill level 6 in Fighting
  3811 | D:5      | Reached skill level 5 in Staves
  3883 | D:5      | Reached XP level 8. HP: 52/64 MP: 8/8
  4330 | D:5      | Noticed Edmund
  4345 | D:5      | Killed Edmund
  4538 | D:5      | Reached skill level 7 in Fighting
  4611 | D:5      | Reached XP level 9. HP: 40/72 MP: 9/9
  4788 | D:5      | Identified the +9 flail of Incongruity {freeze, rC+}
  5304 | D:6      | Noticed a five-headed hydra
  5316 | D:6      | Killed a five-headed hydra
  5317 | D:6      | Reached skill level 8 in Fighting
  5321 | D:6      | Identified the +10 quarterstaff of the Extremely Mad
                  | {drain, Contam +Rage rPois Dex-5}
  5337 | D:6      | Reached *** piety under Wu Jian
  5402 | D:6      | Reached XP level 10. HP: 40/82 MP: 10/10
  5415 | D:6      | Noticed a cyclops
  5429 | D:5      | Reached skill level 5 in Maces & Flails
  5551 | D:6      | Found a sand-covered staircase.
  5556 | Ossuary  | Entered an ossuary
  6179 | D:6      | Found a staircase to the Ecumenical Temple.
  6281 | D:6      | Killed a cyclops
  6282 | D:6      | Reached skill level 9 in Fighting
  6783 | D:7      | Reached **** piety under Wu Jian
  7392 | D:8      | Noticed Joseph
  7422 | D:8      | HP: 3/83 [Joseph (17)]
  7427 | D:8      | Killed Joseph
  7677 | D:8      | Noticed Maurice
  7685 | D:8      | Killed Maurice
  7686 | D:8      | Reached skill level 5 in Armour
  7686 | D:8      | Reached XP level 11. HP: 87/90 MP: 11/11
  7923 | D:8      | Noticed a two-headed ogre
  7930 | D:8      | Killed a two-headed ogre
  7931 | D:8      | Reached skill level 10 in Fighting
  7935 | D:8      | Identified the +4 scale mail of Pathos {Int+2 Dex+3}
  8658 | D:9      | Identified 2 scrolls of acquirement
  8658 | D:9      | Acquired the ring "Deqargh" {rElec Will+ rCorr Int-2 Dex+2}
  8660 | D:9      | Acquired 843 gold pieces
  9371 | D:9      | You fall into a shaft and drop 3 floors!
  9371 | D:12     | Noticed a manticore
  9371 | D:12     | Found Rumugh's Magic Scroll Shoppe.
  9371 | D:12     | Found Hiomaegh's Distillery.
  9371 | D:12     | Found Ore Puseo's Jewellery Shoppe.
  9371 | D:12     | Found Zikoxt Dero's Antique Armour Shoppe.
  9374 | D:12     | Killed a manticore
  9377 | D:12     | Bought a potion of mutation for 104 gold pieces
  9377 | D:12     | Bought a potion of curing for 39 gold pieces
  9377 | D:12     | Bought a potion of curing for 39 gold pieces
  9377 | D:12     | Bought a potion of heal wounds for 65 gold pieces
  9377 | D:12     | Bought a potion of curing for 39 gold pieces
  9377 | D:12     | Bought a potion of curing for 39 gold pieces
  9386 | D:12     | Bought a scroll of magic mapping for 49 gold pieces
  9386 | D:12     | Bought a scroll of identify for 28 gold pieces
  9386 | D:12     | Bought a scroll of torment for 105 gold pieces
  9386 | D:12     | Bought a scroll of magic mapping for 49 gold pieces
  9493 | D:10     | Entered Level 10 of the Dungeon
  9849 | D:10     | Reached ***** piety under Wu Jian
 10158 | D:10     | Reached XP level 12. HP: 94/99 MP: 12/12
 10435 | D:11     | Noticed a two-headed ogre
 10442 | D:11     | Killed a two-headed ogre
 10443 | D:11     | Reached skill level 11 in Fighting
 10446 | D:11     | Reached skill level 10 in Staves
 11038 | D:11     | Found a staircase to the Lair.
 11135 | D:11     | Reached skill level 10 in Armour
 11242 | D:11     | Noticed a two-headed ogre
 11248 | D:11     | Killed a two-headed ogre
 11493 | D:12     | Noticed Kirke
 11504 | D:12     | Killed Kirke
 12044 | D:12     | Found a staircase to the Orcish Mines.
 12089 | D:12     | Reached skill level 12 in Fighting
 12097 | D:12     | Reached XP level 13. HP: 59/108 MP: 13/13
 12342 | D:12     | Found Nahau's Jewellery Shoppe.
 12752 | D:13     | Noticed a centaur warrior
 12763 | D:13     | Killed a centaur warrior
 12900 | D:13     | Found a gate to the Vaults.
 12900 | D:13     | Noticed a vault guard
 12900 | D:13     | Noticed a vault guard
 12900 | D:13     | Noticed a vault guard
 12900 | D:13     | Noticed a vault guard
 12945 | D:13     | HP: 2/109 [vault guard (15)]
 12947 | D:13     | Killed a vault guard
 12951 | D:13     | Killed a vault guard
 12955 | D:13     | Killed a vault guard
 12968 | D:13     | Killed a vault guard
 13391 | D:13     | Reached skill level 13 in Fighting
 13940 | D:13     | Found a runed translucent door.
 14459 | D:13     | Noticed a cyan very ugly thing
 14474 | D:13     | Killed a cyan very ugly thing
 14648 | D:13     | Noticed a tentacled monstrosity
 14665 | D:13     | Killed a tentacled monstrosity
 14666 | D:13     | Reached XP level 14. HP: 64/118 MP: 14/14
 15245 | D:14     | Noticed Snorg
 15246 | D:14     | Noticed Frances
 15265 | D:14     | Killed Snorg
 15272 | D:14     | Killed Frances
 15273 | D:14     | Reached skill level 14 in Fighting
 16053 | D:15     | Entered Level 15 of the Dungeon
 16234 | D:15     | Reached ****** piety under Wu Jian
 16456 | D:15     | Found a staircase to the Depths.
 17167 | D:15     | Identified the amulet "Qevacar" {Acrobat Int+2}
 17747 | Lair:1   | Entered Level 1 of the Lair of Beasts
 17766 | Lair:1   | Reached XP level 15. HP: 119/127 MP: 15/15
 18785 | Lair:2   | Reached skill level 15 in Fighting
 18876 | Lair:2   | Identified the +6 falchion "Wiekotiz" {vorpal, rCorr Str+3
                  | Dex-2}
 19660 | Lair:3   | Found a hole to the Spider Nest.
 20144 | Lair:3   | You fall into a shaft and drop 3 floors!
 20144 | Lair:6   | Entered Level 6 of the Lair of Beasts
 20258 | Lair:6   | Reached skill level 15 in Armour
 21219 | Lair:6   | Reached XP level 16. HP: 82/138 MP: 16/16
 21357 | Lair:6   | Reached skill level 16 in Fighting
 21969 | Lair:6   | Found a viscous altar of Jiyva.
 21969 | Lair:6   | Found a staircase to the Slime Pits.
 22765 | Lair:5   | Reached skill level 15 in Staves
 23772 | Lair:4   | Noticed Josephine
 23796 | Lair:4   | Killed Josephine
 23988 | Lair:4   | Found a staircase to the Shoals.
 23993 | Lair:4   | Got Theurgy Continued
 24090 | Lair:4   | Noticed Urug
 24115 | Lair:4   | Killed Urug
 24201 | Lair:4   | Reached skill level 1 in Evocations
 25387 | Spider:1 | Entered Level 1 of the Spider Nest
 25426 | Spider:1 | Reached XP level 17. HP: 91/146 MP: 17/17
 25662 | Spider:1 | Reached skill level 17 in Fighting
 26051 | Spider:1 | Acquired a manual of Fighting
 27694 | Spider:2 | Reached skill level 5 in Evocations
 28218 | Spider:3 | Reached skill level 10 in Shields
 28567 | Spider:3 | Reached skill level 18 in Fighting
 29448 | Spider:3 | Acquired a manual of Polearms
 29771 | Spider:3 | Reached XP level 18. HP: 158/158 MP: 18/18
 30165 | Spider:4 | Entered Level 4 of the Spider Nest
 31921 | Spider:4 | Reached skill level 19 in Fighting
 32463 | Spider:4 | Got a gossamer rune of Zot
 32731 | Shoals:1 | Entered Level 1 of the Shoals
 33330 | Shoals:1 | Noticed Donald
 33344 | Shoals:1 | Killed Donald
 35244 | Shoals:3 | Reached XP level 19. HP: 91/168 MP: 19/19
 36092 | Shoals:3 | Reached skill level 20 in Fighting
 36139 | Shoals:3 | Found a runed translucent door.
 36139 | Shoals:3 | Found a shimmering altar of Xom.
 36139 | Shoals:3 | Noticed Vemups's ghost (journeyman SpEn)
 36231 | Shoals:3 | Killed Vemups's ghost
 36910 | Shoals:4 | Entered Level 4 of the Shoals
 36934 | Shoals:4 | Noticed Ilsuiw
 36962 | Shoals:4 | Killed Ilsuiw
 37521 | Shoals:4 | Noticed Mara
 37531 | Shoals:4 | Noticed Arum's illusion
 37547 | Shoals:4 | Killed from afar by Mara

Illustrated notes

Levels and vault maps discovered:
D:1:      kb_arrival_jail, layout_rooms, hellmonk_ecumenical_altar_zigzags,
          st_stairs_13
D:2:      layout_rooms
D:3:      layout_loops_cross
D:4:      layout_loops_ring, mainiacjoe_overflow_brackets
D:5:      layout_loops_corners, serial_glass, glass_columns_a, glass_columns_c,
          glass_columns_b, glass_columns_c, glass_columns_a,
          minmay_strange_pillars, due_unseen_surprise, minmay_strange_pillars,
          minmay_strange_pillars, hangedman_minor_gate_pass, uniq_edmund
D:6:      minmay_opposing_rooms, layout_basic, minmay_temple_entry_stoned_glass,
          nicolae_ossuary_entry_false_entrances, grunt_decor_mini_mirrors
D:7:      layout_rooms
D:8:      layout_basic, uniq_joseph, uniq_maurice
D:9:      layout_basic
D:10:     layout_loops_ring, grunt_ministairs_9
D:11:     layout_loops_ring, lair_entry_dummy, kennysheep_pointless_box
D:12:     layout_basic, kennysheep_orc_monster_closet_entryway, serial_shops,
          nicolae_shop_temple_entry_statues_fountains, minmay_shop_grid_forest,
          uniq_kirke
D:13:     cheibrodos_body_horror, layout_irregular_city,
          lightli_vaults_fourway_checkpoint
D:14:     layout_loops_cross, uniq_snorg, uniq_frances
D:15:     grunt_enter_depths_magical_seal, layout_layer_cave,
          chequers_decorated_corner
Lair:1:   layout_small_grid
Lair:2:   layout_chaotic_city, chequers_serial_rivers_micro_a
Lair:3:   layout_regular_city, spider_nest_entry_rubble, hibernation_bobbens
Lair:4:   layout_cave_pods, minmay_shoals_entry_centaurs, lemuel_fruit_tree,
          minmay_lair_oklob_chamber, uniq_josephine, uniq_urug
Lair:5:   nzn_winding_woodlands_stair_cross [nzn_winding_woodlands_5x15_garden,
          nzn_winding_woodlands_center_diamonds,
          nzn_winding_woodlands_5x15_river_crossing,
          nzn_winding_woodlands_5x5_checkerboard,
          nzn_winding_woodlands_5x5_closed_star,
          nzn_winding_woodlands_5x15_pockets,
          nzn_winding_woodlands_center_garden,
          nzn_winding_woodlands_5x15_parted], layout_loops_ring,
          wad_woods_river_02, serial_bayou_pond_a, roderic_carrion_pond,
          infiniplex_staircase_pool, serial_bayou_shore_a
Lair:6:   evilmike_catoblepas_cave, layout_regular_city,
          dpeg_slime_entry_enclosed_altar
Shoals:1: layout_shoals, nicolae_shoals_lost_giant_temple, uniq_donald
Shoals:2: layout_shoals, nicolae_shoals_stone_sculpture_thing,
          nicolae_shoals_elemental_ambush
Shoals:3: layout_shoals, ebering_ghost_xom
Shoals:4: shoals_end_grunt_ice, layout_shoals, shoal_ilsuiw,
          nicolae_shoals_drake_roost, uniq_polyphemus, uniq_mara
Spider:1: layout_spider_delve, drop_trap, nicolae_looking_at_the_future
Spider:2: layout_spider_delve, drop_trap
Spider:3: layout_chambers, hangedman_stitches_earthworm
Spider:4: spider_rune_water, drop_trap

Skill      XL: |  1  2  3  4  5  6  7  8  9 10 11 12 13 14 15 16 17 18 19 |
---------------+----------------------------------------------------------+-----
Shields        | 4 5 6 8 9 10 12 13 | 13.0
Fighting       | 4 5 6 7 8 9 10 12 13 14 15 16 18 19 20 | 20.2
Staves         | 3 4 5 6 7 8 9 10 12 13 14 15 | 15.7
Maces & Flails | 4 6 |  6.7
Armour         | 5 9 11 13 14 15 16 17 18 | 18.4
Evocations     | 2 6 9 |  9.9
Throwing       | |  0.3

Action                   |  1- 3 |  4- 6 |  7- 9 | 10-12 | 13-15 | 16-18 | 19-21 || total
-------------------------+-------+-------+-------+-------+-------+-------+-------++-------
Melee: Quarterstaff      |   133 |   130 |   115 |   619 |   992 |  1773 |   259 ||  4021
       Flail             |       |       |    16 |       |       |       |       ||    16
Invok: Whirlwind         |    51 |    14 |    27 |    72 |    93 |    70 |     8 ||   335
       Lunge             |     8 |    10 |     6 |    49 |    56 |   100 |    22 ||   251
       Serpent's Lash    |       |       |       |       |     1 |       |       ||     1
 Abil: Dig               |       |     1 |     1 |     3 |     4 |     7 |     2 ||    18
       Wall Jump         |       |       |    15 |    10 |    14 |    13 |     2 ||    54
Evoke: Wand              |       |       |       |       |     9 |    10 |       ||    19
       Phial of floods   |       |       |       |       |     1 |       |       ||     1
       Phantom mirror    |       |       |       |       |       |       |     1 ||     1
  Use: Scroll            |       |     7 |    11 |     7 |    13 |     5 |       ||    43
       Potion            |       |       |       |     2 |     4 |     2 |     1 ||     9
 Stab: Distracted        |       |       |       |     1 |       |     1 |       ||     2
       Petrified         |       |       |       |       |    16 |       |       ||    16
       Petrifying        |       |       |       |       |     1 |       |       ||     1
       Invisible         |       |       |       |       |       |       |     8 ||     8
Armor: Scale mail        |    45 |    38 |    30 |   159 |   225 |   585 |    55 ||  1137
Dodge: Dodged            |    41 |    32 |    31 |   166 |   159 |   366 |    59 ||   854
Block: Kite shield       |    76 |    71 |    61 |   335 |   546 |  1245 |   136 ||  2470
       Reflection        |       |       |       |     3 |    19 |    32 |    30 ||    84
